Map: Automaton LE

Players

justAcasual

  • Race: Zerg Zerg
  • League: Master
  • Spawn Location: 3:00

MamaLaMacro - Winner!

  • Race: Protoss Protoss
  • League: Master
  • Spawn Location: 9:00

VOD

https://www.youtube.com/watch?v=rYCbGBjNtAc&feature=youtu.be

Description

Time

  • Played on: March 23, 2019, 10:31 p.m.
  • Length: 5:44
Show
View Real Time Build Order
Export as new Build Order

justAcasual Zerg 

Build Orders: Hatch First 

Get SALT Encoding   

  12  0:01  Drone  
  13  0:12  Overlord  
  13  0:18  Drone  
  14  0:30  Drone x2  
  16  0:41  Drone  
  17  0:56  Hatchery  
  16  0:59  Drone  
  16  1:00  Drone  
  18  1:14  Extractor  
  18  1:15  Spawning Pool  
  18  1:17  Drone  
  17  1:20  Drone  
  18  1:28  Drone  
  19  1:44  Overlord  
  19  1:56  Drone  
  20  2:02  Queen  
  20  2:05  Zergling x2  
  20  2:07  Queen  
  25  2:08  Zergling x2  
  26  2:16  Extractor  
  26  2:17  Roach Warren  
  26  2:19  Metabolic Boost  
  24  2:25  Drone  
  24  2:27  Drone  
  26  2:33  Overlord  
  26  2:46  Lair  
  28  3:20  Roach x3  
  28  3:21  Roach  
  34  3:31  Overlord  
  33  3:48  Ravager  
  33  3:49  Ravager x2  
  33  3:50  Zergling x4  
  33  3:51  Zergling x2  
  39  3:59  Overseer  
  37  4:29  Roach  
  37  4:30  Roach x2  
  39  4:39  Zergling x2  
  39  4:43  Ravager  
  29  5:24  Zergling x2  
  29  5:25  Zergling x10  
Show
View Real Time Build Order
Export as new Build Order

MamaLaMacro Protoss - Winner!

Build Orders:  

Get SALT Encoding   

  12  0:00  Probe  
  13  0:12  Probe  
  14  0:18  Pylon  
  14  0:24  Probe  
  15  0:39  Gateway  
  15  0:41  Probe  
  16  0:51  Assimilator  
  16  0:53  Probe  
  17  1:01  Forge  
  17  1:06  Probe  
  18  1:24  Probe, Pylon  
  19  1:36  Probe  
  20  1:42  Photon Cannon  
  20  1:43  Photon Cannon  
  20  1:50  Cybernetics Core  
  20  1:54  Probe  
  21  2:00  Assimilator  
  21  2:06  Probe  
  22  2:12  Photon Cannon  
  22  2:19  Probe  
  23  2:32  Robotics Facility  
  23  2:39  Photon Cannon  
  23  2:46  Pylon  
  23  3:04  Pylon  
  23  3:08  Immortal  
  23  3:24  Shield Battery  
  27  3:29  Pylon  
  27  3:35  Warp Prism  
  29  3:50  Photon Cannon  
  29  3:52  Photon Cannon  
  29  3:59  Shield Battery  
  29  4:18  Immortal  
  29  4:21  Pylon  
  29  4:23  Pylon  
  33  4:41  Shield Battery  
  33  4:48  Shield Battery  
  33  5:09  Shield Battery  
  33  5:11  Shield Battery  
  37  5:29  Shield Battery  
Tags
 
Add a new tag
Caveats
  • Supply blocks, unpowered buildings, or Contaminate may cause inaccurate times.
  • Supply counts are checked every 10 seconds.